 Dungeon Crawl Stone Soup version 0.30-a0-4-ga7cffc901d (webtiles) character file.

Game seed: 9087746727158933773

192 voltaire321 the Caller (level 5, 0/38 HPs)
             Began as a Merfolk Summoner on Aug 21, 2022.
             Succumbed to a gnoll's poison
             ... on level 2 of the Dungeon.
             The game lasted 00:05:53 (2446 turns).

voltaire321 the Caller (Merfolk Summoner)           Turns: 2446, Time: 00:05:54

Health: 0/38       AC:  3    Str:  8    XL:     5   Next: 71%
Magic:  7/9        EV: 14    Int: 16    God:
Gold:   103        SH:  0    Dex: 15    Spells: 7/10 levels left

rFire   . . .      SeeInvis .    e - +0 dagger
rCold   . . .      Faith    .    (no shield)
rNeg    . . .      Spirit   .    a - +0 robe
rPois   .          Reflect  .    (no helmet)
rElec   .          Harm     .    (no cloak)
rCorr   .          Rampage  .    i - +0 pair of gloves
Will    .....                    (no boots)
Stlth   ++........               (no amulet)
HPRegen 0.12/turn                (no ring)
MPRegen 0.11/turn                (no ring)

@: lethally poisoned (0 -> -8), weakened
A: (nimble swimmer 2), mertail
a: no special abilities


You were on level 2 of the Dungeon.
You visited 1 branch of the dungeon, and saw 2 of its levels.

You collected 103 gold pieces.

Inventory:

Hand Weapons
 e - a +0 dagger (weapon)
Armour
 a - a +0 robe (worn)
 i - a +0 pair of gloves (worn)
Jewellery
 k - a ring of positive energy
Scrolls
 d - 2 scrolls of identify {unknown}
 h - a scroll of fog {unknown}
 j - a scroll of teleportation {unknown}
Potions
 b - 2 potions of magic
 c - a potion of curing {unknown}
 f - a potion of haste {unknown}
 g - 2 potions of invisibility {unknown}
 l - a potion of heal wounds {unknown}


   Skills:
 + Level 2.2 Fighting
 + Level 4.4 Dodging
 - Level 2.6 Stealth
 + Level 3.1 Spellcasting
 + Level 4.8 Summonings


You had 7 spell levels left.
You knew the following spells:

 Your Spells              Type           Power      Damage    Failure   Level
a - Summon Small Mammal   Summ           68%        N/A       2%          1
b - Call Imp              Summ           17%        N/A       3%          2

Your spell library contained the following spells:

 Spells                   Type           Power      Damage    Failure   Level
 Call Canine Familiar     Summ           17%        N/A       8%          3
 Summon Guardian Golem    Hex/Summ       10%        N/A       21%         3
 Portal Projectile        Hex/Tloc       4%         N/A       50%         3
 Tukima's Dance           Hex            2%         N/A       50%         3
 Summon Lightning Spire   Summ/Air       10%        N/A       56%         4
 Blade Hands              Tmut           1%         N/A       99%         5


Dungeon Overview and Level Annotations

Branches:
Dungeon (2/15)

Altars:


Innate Abilities, Weirdness & Mutations

((You are very nimble when in or above water. (Stealth+, EV+, Speed+++)))
Your lower body shifts to a powerful aquatic tail in water.


Message History

The gnoll barely misses your bat.
Your rat bites the gnoll bouda but does no damage.
Your white imp barely misses the gnoll bouda.
The gnoll bouda hits your white imp with a +0 short sword.
Your white imp dies!
Your white imp disappears in a puff of smoke!
The gnoll throws a poisoned dart.
The poisoned dart misses your rat.
The poisoned dart barely misses your bat.
The poisoned dart hits you!
You are poisoned.
Your rat closely misses the gnoll bouda.
You feel very sick.
The gnoll throws a poisoned dart.
The poisoned dart closely misses your rat.
The poisoned dart closely misses your bat.
The poisoned dart hits you!
You are lethally poisoned!
Your rat bites the gnoll bouda.
* * * LOW HITPOINT WARNING * * *
You feel very sick.
Your bat hits the gnoll bouda.
The gnoll bouda gazes fiercely through you!
You feel your attacks grow feeble.
The gnoll bouda hits your bat with a +0 short sword.
Your bat dies!
Your bat's corpse disappears in a puff of smoke!
The gnoll hits your rat with a +0 halberd.
Your rat dies!
Your rat's corpse disappears in a puff of smoke!
* * * LOW HITPOINT WARNING * * *
You feel very sick.
The gnoll bouda barks out a call to the hunt!
The gnolls pick up the pace!
* * * LOW HITPOINT WARNING * * *
You feel very sick.
* * * LOW HITPOINT WARNING * * *
You feel sick.
The gnoll bouda gazes fiercely through you!
You feel as though you will be weak longer.
You die...

#####..######.## #†g#
..# #gg# #.# #..# #.#
#..# ##.## #g.# #...#
#..# ###.#.###### #..#
#...#b......
#####@.####.###...####
#.............#.#.#
#.####.##...#.#...# ##
#.# #.##.#.....#.###.
#.# #.##...####......
#.# #.###..# ##.###.
#.# #.# #..# #.# ##
#.# #.# #..# #.# # #.#
#.# #..#####.#


You could see a gnoll bouda and 3 gnolls.

Vanquished Creatures
  A dart slug (D:2)
  A ball python (D:2)
  2 bats
  An endoplasm (D:2)
  A goblin (D:2)
  A hobgoblin (D:2)
  2 frilled lizards
  A kobold (D:1)
10 creatures vanquished.

Vanquished Creatures (collateral kills)
  Sigmund (D:2)
  A worm (D:2)
  A dart slug (D:1)
  3 endoplasms (D:1)
  A giant cockroach (D:1)
  4 goblins
  2 hobgoblins (D:1)
  A quokka (D:2)
  A bat (D:2)
  A frilled lizard (D:1)
  A rat (D:1)
17 creatures vanquished.

Grand Total: 27 creatures vanquished

Notes
Turn   | Place    | Note
-------+----------+-------------------------------------------
     0 | D:1      | voltaire321 the Merfolk Summoner began the quest for the
                  | Orb.
     0 | D:1      | Reached XP level 1. HP: 13/13 MP: 3/3
   705 | D:1      | Reached XP level 2. HP: 9/19 MP: 3/5
   710 | D:1      | Learned a level 2 spell: Call Imp
  1427 | D:2      | Reached XP level 3. HP: 24/24 MP: 6/6
  1831 | D:2      | Noticed Sigmund
  2173 | D:2      | Killed Sigmund
  2174 | D:2      | Reached XP level 4. HP: 13/33 MP: 5/8
  2174 | D:2      | Reached XP level 5. HP: 15/38 MP: 5/9
  2446 | D:2      | Succumbed to a gnoll's poison

Illustrated notes

Levels and vault maps discovered:
D:1:      mrwooster_arrival_statue_3, layout_loops_ring, minmay_box_of_dots
D:2:      layout_loops_ring, uniq_sigmund

Skill      XL: |  1  2  3 |
---------------+----------+-----
Dodging        | 3 4 |  4.4
Fighting       | 2 |  2.2
Spellcasting   | 3 |  3.1
Stealth        | |  2.6
Summonings     | |  4.8

Action                   |  1- 3 |  4- 6 || total
-------------------------+-------+-------++-------
Melee: Unarmed           |    29 |       ||    29
       Dagger            |    49 |     3 ||    52
       Punch             |     2 |       ||     2
 Cast: Summon Small Mamm |    13 |     2 ||    15
       Call Imp          |    10 |     1 ||    11
 Stab: Sleeping          |     3 |     1 ||     4
Armor: Robe              |    25 |     1 ||    26
Dodge: Dodged            |    57 |     2 ||    59

Table legend: (Time is in decaauts)
 A = Elapsed time spent in this place.
 B = Non-inter-level travel time spent in this place.
 C = Inter-level travel time spent in this place.
 D = Time resting spent in this place.
 E = Time spent auto-exploring this place.
 F = Levels seen in this place.
 G = Mean time per level.
                   A        B        C        D        E       F      G
               +--------+--------+--------+--------+--------+-----+--------+
         Total |   2445 |   2394 |     51 |    452 |   1529 |   2 | 1222.5 |
       Dungeon |   2445 |   2394 |     51 |    452 |   1529 |   2 | 1222.5 |
               +--------+--------+--------+--------+--------+-----+--------+

Top non-repeatable levels by time:
     D:1: 1417 daAuts
     D:2: 1028 daAuts
